 Dungeon Crawl Stone Soup version 0.30-a0-263-ge22c4ad894 (webtiles) character file.

Game seed: 2711437275984124529

30 ytrimaz the Stinger (level 3, -1/23 HPs)
             Began as an Octopode Transmuter on Oct 13, 2022.
             Slain by a hobgoblin
             ... wielding a +0 whip
              (5 damage)
             ... on level 2 of the Dungeon.
             The game lasted 00:01:45 (1182 turns).

ytrimaz the Stinger (Octopode Transmuter)           Turns: 1182, Time: 00:01:46

Health: -1/23      AC:  1    Str:  9    XL:     3   Next: 20%
Magic:  6/6        EV: 13    Int: 17    God:
Gold:   66         SH:  0    Dex: 12    Spells: 5/6 levels left

rFire   . . .      SeeInvis .      - Unarmed
rCold   . . .      Faith    .    (no shield)
rNeg    . . .      Spirit   .    (helmet restricted)
rPois   .          Reflect  .    (no amulet)
rElec   .          Harm     .    (no ring)
rCorr   .          Rampage  .    (no ring)
Will    .....                    (no ring)
Stlth   ++........               (no ring)
HPRegen 0.23/turn                (no ring)
MPRegen 0.10/turn                (no ring)
                                 (no ring)
                                 (no ring)

@: no status effects
A: almost no armour, amphibious, 8 rings, camouflage 1, gelatinous body 1,
(nimble swimmer 1), tentacles
a: no special abilities


You were on level 2 of the Dungeon.
You visited 1 branch of the dungeon, and saw 2 of its levels.

You collected 66 gold pieces.


Innate Abilities, Weirdness & Mutations

You cannot wear most types of armour.
You are amphibious.
You can wear up to eight rings at the same time.
Your skin changes colour to match your surroundings (Stealth+).
Your rubbery body absorbs attacks. (AC +1, EV +1)
((You are camouflaged when in or above water. (Stealth+)))
You have tentacles for arms and can constrict up to eight enemies at once.


   Skills:
 - Level 1.0 Fighting
 - Level 2.0 Dodging
 - Level 3.0 Unarmed Combat
 - Level 2.0 Spellcasting
 - Level 2.0 Transmutations
 - Level 0.3 Ice Magic
 + Level 3.2 Poison Magic


You had 5 spell levels left.
You knew the following spells:

 Your Spells              Type           Power      Damage    Failure   Level
a - Beastly Appendage     Tmut           16%        N/A       9%          1

Your spell library contained the following spells:

 Spells                   Type           Power      Damage    Failure   Level
 Wereblood                Tmut           8%         N/A       13%         2
 Spider Form              Tmut/Pois      10%        N/A       21%         3
 Gell's Gravitas          Tloc           1%         N/A       50%         3
 Teleport Other           Tloc           1%         N/A       50%         3
 Ice Form                 Ice/Tmut       5%         N/A       77%         4
 Dispersal                Tloc           0%         N/A       100%        6

Inventory:

Jewellery
 b - a ring of ice
   (You found it on level 1 of the Dungeon)
Scrolls
 d - a scroll of identify
 f - 5 scrolls of teleportation
Potions
 a - a potion of lignification
 c - a potion of heal wounds
 e - 2 potions of resistance {unknown}

Dungeon Overview and Level Annotations

Branches:
Dungeon (2/15) Zot: 10821

Altars:

#######......
#............
#............
#............
#..........# #....
..##.......# ....
#.>.....J..# ##...
.....#J##########
#.... ....
#.g@.....).### #....
...
##########.).###....
.. ###....#... #
######### ####.##.†
#.......# #.#..#
#.......# #.....
#.......# ##.#..
#.......########.#..
####..#.............


You could see an endoplasm and a hobgoblin.


Message History

Your mp is fully restored (6).
A kobold comes into view. It is wielding a +0 club.
Unknown command. 😎 HP[+13]
Your hp is fully restored (23).
A kobold is nearby!
A kobold is nearby!
Unknown command.
A kobold is nearby!
A kobold is nearby!
Unknown command.
A kobold is nearby!
The kobold shouts!
You closely miss the kobold. You grab the kobold. You constrict the kobold.
The kobold hits you with a +0 club. 😕 HP[-3]
You take 3 damage, and now have 20/23 hp.
Unknown command.
You barely miss the kobold. You squeeze the kobold.
You kill the kobold! 😕 HP[+1] No target in view!
Unknown command.
No target in view!
d - a scroll of identify
Things that are here:
a +0 club; 5 stones You see here 7 stones.
e - 2 fuming orange potions (gained 1) Key pressed, stopping explore.
Unknown command. 😎 HP[+2]
Your hp is fully restored (23).
You now have 66 gold pieces (gained 11).
f - 5 scrolls of teleportation (gained 3) Key pressed, stopping explore.
A goblin comes into view. It is wielding a +0 club.
A goblin is nearby!
A goblin is nearby!
The goblin shouts!
A goblin is nearby!
A goblin is nearby!
You tentacle-slap the goblin.
You kill the goblin!
A kobold comes into view. It is wielding a +0 short sword.
Unknown command.
The kobold shouts!
Things that are here:
a +0 club; a goblin corpse A kobold is nearby!
Unknown command.
A kobold is nearby!
You tentacle-slap the kobold.
You kill the kobold!
No target in view!
Unknown command.
Things that are here:
a +0 short sword; a kobold corpse No target in view!
Key pressed, stopping explore.
Unknown command.
An endoplasm and a hobgoblin come into view.
Found a stone staircase leading down.
There are monsters nearby!
An endoplasm comes into view.
There are monsters nearby!
The endoplasm barely misses you.
You tentacle-slap the endoplasm but do no damage.
The endoplasm freezes you.
You are frozen. 😕 HP[-2]
You take 2 damage, and now have 21/23 hp.
You tentacle-slap the endoplasm. The endoplasm misses you.
You tentacle-slap the endoplasm. The endoplasm freezes you.
You are frozen. 😮 HP[-4]
You take 4 damage, and now have 17/23 hp.
You tentacle-slap the endoplasm. The hobgoblin hits you with a +0 whip.
The endoplasm freezes you.
You are frozen. 😮 HP[-5]
You take 5 damage, and now have 12/23 hp.
MASSIVE DAMAGE!! (PAUSE)
You are too injured to fight recklessly!
You are too injured to fight recklessly!
Unknown command.
The endoplasm barely misses you. The hobgoblin attacks as you move away!
The hobgoblin hits you with a +0 whip.
* * * LOW HITPOINT WARNING * * *
😨 HP[-5]
You take 5 damage, and now have 7/23 hp.
MASSIVE DAMAGE!! (PAUSE)
The hobgoblin hits you with a +0 whip.
* * * LOW HITPOINT WARNING * * *
😱 HP[-3]
You take 3 damage, and now have 4/23 hp.
Unknown command.
The hobgoblin attacks as you move away! The hobgoblin hits you with a +0 whip.
You die...

Skill      XL: |  1  2 |
---------------+-------+-----
Poison Magic   | 1 3 |  3.2
Fighting       | |  1.0
Dodging        | |  2.0
Unarmed Combat | |  3.0
Spellcasting   | |  2.0
Transmutations | |  2.0
Ice Magic      | |  0.3

Action                   || total
-------------------------++-------
Melee: Unarmed           ||    64
       Constrict         ||    15
       Tentacles         ||     9
       Kick              ||     7
       Punch             ||     2
 Cast: Beastly Appendage ||     9
  Use: Scroll            ||     3
 Stab: Sleeping          ||     3
Armor: Skin              ||     6
Dodge: Dodged            ||    45

Levels and vault maps discovered:
D:1:      dpeg_arrival_chambers_temple_mockup, layout_loops_ring,
          ebering_ecumenical_altar_sacrificial, minmay_crystal_room
D:2:      layout_rooms

Notes
Turn   | Place    | Note
-------+----------+-------------------------------------------
     0 | D:1      | ytrimaz the Octopode Transmuter began the quest for the
                  | Orb.
     0 | D:1      | Reached XP level 1. HP: 13/13 MP: 3/3
     0 | D:1      | magus.rc [v1.9.6]
    64 | D:1      | Reached skill level 1 in Poison Magic
   147 | D:1      | Reached XP level 2. HP: 18/18 MP: 3/5
   306 | D:1      | Found a faded altar of an unknown god.
   319 | D:1      | Reached skill level 2 in Poison Magic
   502 | D:1      | You add the spells Gell's Gravitas, Teleport Other and
                  | Dispersal to your library.
  1003 | D:2      | HP: 2/18 [quokka (3)]
  1005 | D:2      | Reached skill level 3 in Poison Magic
  1005 | D:2      | Reached XP level 3. HP: 3/23 MP: 4/6
  1180 | D:2      | HP: 4/23 [hobgoblin/+0 whip (4)]
  1182 | D:2      | Slain by a hobgoblin

Vanquished Creatures
  A worm (D:2)
  3 ball pythons (D:1)
  5 goblins
  4 jackals (D:1)
  3 kobolds
  2 quokkas
  2 bats (D:1)
  6 rats (D:1)
26 creatures vanquished.

Table legend:
 A = Non-vault XP
 B = Vault XP
 C = Vault XP percentage of total XP
 D = Non-vault monster count
 E = Vault monster count
 F = Vault count percentage of total count
                 A         B        C        D         E       F
            +---------+---------+-------+---------+---------+-------
      Total |      44 |       0 |   0.0 |      26 |       0 |   0.0
            +---------+---------+-------+---------+---------+-------
        D:1 |      32 |       0 |   0.0 |      21 |       0 |   0.0
        D:2 |      12 |       0 |   0.0 |       5 |       0 |   0.0
            +---------+---------+-------+---------+---------+-------

Illustrated notes

Table legend:
 A = Kills in this place as a percentage of kills in entire the game.
 B = Kills by you in this place as a percentage of kills by you in the entire game.
 C = Kills by friends in this place as a percentage of kills by friends in the entire game.
 D = Other kills in this place as a percentage of other kills in the entire game.
 E = Experience gained in this place as a percentage of experience gained in the entire game.
 F = Experience gained in this place divided by the number of levels of this place that you have seen.
                   A       B       C       D       E      F
               +-------+-------+-------+-------+-------+----------------------
         Total | 100.0 | 100.0 |   N/A |   N/A | 100.0 |  22.0
       Dungeon | 100.0 | 100.0 |   N/A |   N/A | 100.0 |  22.0
               +-------+-------+-------+-------+-------+----------------------

Table legend: (Time is in decaauts)
 A = Elapsed time spent in this place.
 B = Non-inter-level travel time spent in this place.
 C = Inter-level travel time spent in this place.
 D = Time resting spent in this place.
 E = Time spent auto-exploring this place.
 F = Levels seen in this place.
 G = Mean time per level.
                   A        B        C        D        E       F      G
               +--------+--------+--------+--------+--------+-----+--------+
         Total |   1178 |   1167 |     11 |      0 |    949 |   2 |  589.0 |
       Dungeon |   1178 |   1167 |     11 |      0 |    949 |   2 |  589.0 |
               +--------+--------+--------+--------+--------+-----+--------+

Top non-repeatable levels by time:
     D:1: 990 daAuts
     D:2: 188 daAuts
